[Event "Late-Titled-Tuesday-Blitz-June-04-2024"]
[Site "Chess.com"]
[Date "2024.06.04"]
[Round "10"]
[White "Squirlolz"]
[Black "pirulillo"]
[Result "1-0"]
[WhiteElo "2509"]
[BlackElo "2376"]
[TimeControl "180+1"]
[EndTime "15:53:10 PDT"]
[Termination "Squirlolz won by resignation"]

1. e4 c5 2. d3 Nc6 3. Nd2 g6 4. f4 Bg7 5. Ndf3 e6 6. h4 h5 7. Nh3 Nf6 8. Be2 Ng4 9. O-O d5 10. Qe1 dxe4 11. dxe4 Nd4 12. Bd1 Nxf3+ 13. Bxf3 e5 14.
c3 O-O 15. Ng5 exf4 16. Bxf4 Ne5 17. Rd1 Qe7 18. Qg3 b6 19. Rd5 Re8 20. Bd1 Bb7 21. Rd2 Rf8 22. Qh3 Nc4 23. Rdf2 f6 24. Bb3 b5 25.
Qe6+ Qxe6 26. Nxe6 Bxe4 27. Nxc5 Bf5 28. a4 a6 29.
Nxa6 Kh7 30. axb5 Nb6 31. c4 Be4 32. c5 Nd5 33. Bxd5 Bxd5 34. Nc7 Rad8 35. Bd6 Bc4 36. Bxf8 Bxf8 37. b4 Bxf1 38. Kxf1 Rd4 39. Ne6 1-0

[Event "Late-Titled-Tuesday-Blitz-June-04-2024"]
[Site "Chess.com"]
[Date "2024.06.04"]
[Round "10"]
[White "jk13"]
[Black "ZverevLev"]
[Result "0-1"]
[WhiteElo "2675"]
[BlackElo "2674"]
[TimeControl "180+1"]
[EndTime "15:53:19 PDT"]
[Termination "ZverevLev won by checkmate"]

1. e4 c5 2. c3 e5 3. Nf3 Nc6 4. Bc4 d6 5. d3 h6 6. O-O g5 7.
a4 Bg7 8. Na3 Nge7 9. Nc2 Ng6 10. Ne3 Be6 11. Nd2 Qd7 12. a5 h5 13. Qa4 Nf4 14.
Nd5 Bxd5 15. exd5 Qg4 16. g3 h4 17. dxc6 hxg3 18. cxb7+ Ke7 19. bxa8=Q Ne2+ 20. Kh1 Qe4+ 21. Nf3 Qxf3+ 22. Qxf3 Rxh2# 0-1

[Event "Late-Titled-Tuesday-Blitz-June-04-2024"]
[Site "Chess.com"]
[Date "2024.06.04"]
[Round "10"]
[White "Alphafischer2019"]
[Black "harshu27"]
[Result "1-0"]
[WhiteElo "2627"]
[BlackElo "2533"]
[TimeControl "180+1"]
[EndTime "15:53:19 PDT"]
[Termination "Alphafischer2019 won by resignation"]

1. Nf3 Nf6 2. g3 g6 3. b3 Bg7 4. Bb2 O-O 5. Bg2 d6 6. d4 Re8 7. O-O Bg4 8. h3 Bxf3 9. Bxf3 d5 10. c4 c6 11. Nc3 e6 12. e4 dxe4 13. Nxe4 Nxe4 14.
Bxe4 Nd7 15. Qe2 e5 16. d5 Nc5 17. dxc6 Nxe4 18. Qxe4 bxc6 19. Qxc6 Qd2 20. Rab1 e4 21. Bxg7 Kxg7 22. Rbe1 e3 23. Rxe3 Rxe3 24. Qxa8 Re7 25. a4 h5 26. h4 g5 27. hxg5 Qxg5 28. Qg2 Qf5 29. b4 Re4 30. Rc1 Qe6 31. c5 Re1+ 32.
Rxe1 Qxe1+ 33. Qf1 Qxb4 34. Qc1 Qxa4 35. c6 Qg4 36. c7 Qc8 37. Qb2+ f6 38. Qb8 Qe6 39. c8=Q Qe1+ 40. Kg2 Qe4+ 41. Kh2 1-0

[Event "Late-Titled-Tuesday-Blitz-June-04-2024"]
[Site "Chess.com"]
[Date "2024.06.04"]
[Round "10"]
[White "ChempionBg"]
[Black "nitpicker"]
[Result "1-0"]
[WhiteElo "2257"]
[BlackElo "2305"]
[TimeControl "180+1"]
[EndTime "15:53:28 PDT"]
[Termination "ChempionBg won by checkmate"]

1. d4 Nf6 2. c4 e6 3. Nf3 d5 4. g3 Bb4+ 5. Bd2 Be7 6. Bg2 c6 7. O-O O-O 8. Nc3 b6 9. Bf4 Ba6 10. cxd5 cxd5 11. Ne5 Bb7 12. Rc1 a6 13. a3 b5 14. b4 h6 15. Qc2 Qb6 16. Nb1 Rc8 17. Qxc8+ Bxc8 18. Rxc8+ Kh7 19. Nxf7 Qb7 20. Rh8+ Kg6 21.
Ne5+ Kf5 22. Bh3+ Ke4 23. f3+ Kxd4 24. Rd1# 1-0

[Event "Late-Titled-Tuesday-Blitz-June-04-2024"]
[Site "Chess.com"]
[Date "2024.06.04"]
[Round "10"]
[White "pavelalexandru07"]
[Black "rionelG"]
[Result "1-0"]
[WhiteElo "2461"]
[BlackElo "2317"]
[TimeControl "180+1"]
[EndTime "15:53:31 PDT"]
[Termination "pavelalexandru07 won by resignation"]

1. e4 c5 2. Nf3 d6 3. d4 cxd4 4. Nxd4 Nf6 5. Nc3 a6 6. Bg5 e6 7. f4 h6 8. Bh4 Qb6 9. a3 Be7 10. Bf2 Qc7 11. Qf3 Nbd7 12. O-O-O b5 13. g4 Bb7 14.
Bg2 g5 15. f5 Ne5 16. Qe2 Nfxg4 17. fxe6 fxe6 18. Nxe6 Qc8 19. Ng7+ Kf7 20. Nf5 Qc4 21. Qxc4+ Nxc4 22. Bd4 Nge5 23. Rhf1 Ke6 24. Nd5 Bxd5 25. exd5+ Kd7 26. b3 Nxa3 27. Kb2 b4 28. Bxe5 dxe5 29. Nxe7 Kxe7 30. d6+ Ke6 31. Bd5+ Kd7 32. Rf7+ 1-0

[Event "Late-Titled-Tuesday-Blitz-June-04-2024"]
[Site "Chess.com"]
[Date "2024.06.04"]
[Round "10"]
[White "TanitoluwaAps116"]
[Black "aghasiyevkamal"]
[Result "0-1"]
[WhiteElo "2683"]
[BlackElo "2632"]
[TimeControl "180+1"]
[EndTime "15:53:32 PDT"]
[Termination "aghasiyevkamal won by resignation"]

1. Nf3 Nf6 2. b3 g6 3. Bb2 Bg7 4. g3 O-O 5. Bg2 d6 6. d4 e5 7. dxe5 dxe5 8. Qxd8 Rxd8 9. Bxe5 Nc6 10. Bb2 Nb4 11.
Na3 Ne4 12. Bxg7 Kxg7 13. Ne5 Nc3 14. Nd3 a5 15. Kd2 Nbxa2 16. Nc4 Ra6 17. f4 f6 18. e4 b5 19. Ne3 b4 20. Rhe1 Bb7 21. Bh1 Bxe4 22.
Bxe4 Nxe4+ 23. Ke2 a4 24. Kf3 axb3 25. Kxe4 Nc3+ 26.
Kf3 Rxa1 27. Rxa1 Rxd3 28. cxd3 b2 29. Re1 b1=Q 30. Rxb1 Nxb1 31. Nd5 b3 32. Ke2 b2 0-1

[Event "Late-Titled-Tuesday-Blitz-June-04-2024"]
[Site "Chess.com"]
[Date "2024.06.04"]
[Round "10"]
[White "protectiago"]
[Black "Viktor_Poddubnyi"]
[Result "0-1"]
[WhiteElo "2120"]
[BlackElo "2336"]
[TimeControl "180+1"]
[EndTime "15:53:34 PDT"]
[Termination "Viktor_Poddubnyi won by resignation"]

1. d4 g6 2. c4 Bg7 3. Nc3 c5 4.
d5 f5 5. g3 Bxc3+ 6. bxc3 Qa5 7.
Bd2 Nf6 8. Bg2 d6 9. Nf3 Nbd7 10. O-O Nb6 11. Qb3 Qa6 12. Bh6 Qxc4 13. Bg7 Rg8 14.
Bxf6 exf6 15. Rad1 Qxb3 16. axb3 Kf7 17. Ne1 Re8 18. e3 a5 19. Ra1 a4 20. Nd3 axb3 21. Rxa8 Nxa8 22. c4 Nb6 23. Rb1 Nxc4 24. Rxb3 Ke7 25. Bf1 Nd2 26. Rb6 Nxf1 27. Kxf1 Kd7 28.
Nb2 Kc7 29. Nc4 Re4 30. Rxd6 Rxc4 31. Rxf6 b5 32. Rc6+ Kb7 33. Ke2 Rc2+ 34. Kf3 b4 35. e4 fxe4+ 36. Kxe4 b3 0-1

[Event "Late-Titled-Tuesday-Blitz-June-04-2024"]
[Site "Chess.com"]
[Date "2024.06.04"]
[Round "10"]
[White "ericovski"]
[Black "pinelone"]
[Result "1-0"]
[WhiteElo "2568"]
[BlackElo "2405"]
[TimeControl "180+1"]
[EndTime "15:53:37 PDT"]
[Termination "ericovski won by resignation"]

1. e4 c6 2. Nc3 d5 3. Nf3 dxe4 4.
Nxe4 Nf6 5. Qe2 Nxe4 6. Qxe4 Be6 7. b3 Nd7 8. Bb2 Nf6 9. Qe2 Bg4 10. O-O-O e6 11.
h3 Bxf3 12. Qxf3 Qa5 13. Kb1 Be7 14. g4 Qd5 15. Bg2 Qxf3 16. Bxf3 O-O 17. g5 Nd5 18. h4 Rad8 19. Rhg1 Rd7 20. h5 Rfd8 21. g6 hxg6 22. hxg6 Bf6 23. gxf7+ Kxf7 24. Bh5+ Kf8 25. Bg4 Kf7 26.
Rde1 Nf4 27. Re4 g5 28. d3 Bxb2 29. Kxb2 Rh8 30. Rge1 Rh2 31. Bxe6+ Nxe6 32. Rxe6 Rxf2 33. R6e3 Kf6 34. Kc3 g4 35. Re8 Rf7 36. Rg1 Kf5 37.
Re4 Rf4 38. Rxf4+ Kxf4 39. Rf1+ Ke3 40. Rxf7 g3 41. Rg7 Kf2 42. Rxb7 1-0

[Event "Late-Titled-Tuesday-Blitz-June-04-2024"]
[Site "Chess.com"]
[Date "2024.06.04"]
[Round "10"]
[White "ACollins05"]
[Black "sammartin99"]
[Result "0-1"]
[WhiteElo "2436"]
[BlackElo "2315"]
[TimeControl "180+1"]
[EndTime "15:53:38 PDT"]
[Termination "sammartin99 won by checkmate"]

1. Nf3 d5 2. g3 Nf6 3. Bg2 Bf5 4. c4 c6 5. O-O e6 6. Qb3 Qb6 7. cxd5 Qxb3 8. axb3 exd5 9. d3 Nbd7 10. Nc3 Bc5 11. e4 dxe4 12. dxe4 Bg6 13. Nh4 O-O 14. Nxg6 hxg6 15. Bf4 Ng4 16. h3 Nge5 17. Rfd1 a6 18.
Bf1 Rfe8 19. Kg2 f6 20. Bc4+ Nxc4 21. bxc4 Ne5 22. Bxe5 fxe5 23. Rd7 Re7 24. Rad1 Kf7 25. Na4 Bd4 26. Rxe7+ Kxe7 27. Rd3 b5 28. cxb5 axb5 29. Nc3 b4 30. Nd1 c5 31. b3 Ra3 32. Ne3 Bxe3 33.
Rxe3 c4 34. Kf1 Rxb3 35. Re1 c3 36. Ke2 Rb2+ 37. Kd3 c2 38. Kd2 b3 39. f4 Rb1 40.
Rc1 Kd6 41. h4 Kc5 42. f5 gxf5 43. exf5 Kd4 44. h5 Rxc1 45. Kxc1 Kc3 46. f6 b2# 0-1

[Event "Late-Titled-Tuesday-Blitz-June-04-2024"]
[Site "Chess.com"]
[Date "2024.06.04"]
[Round "10"]
[White "jinxy2009"]
[Black "1g60-1"]
[Result "0-1"]
[WhiteElo "2282"]
[BlackElo "2451"]
[TimeControl "180+1"]
[EndTime "15:53:40 PDT"]
[Termination "1g60-1 won on time"]

1. c4 f5 2. Nc3 Nf6 3. g3 e6 4.
Bg2 Be7 5. d4 O-O 6. Nf3 d6 7.
O-O Ne4 8. d5 Nxc3 9. bxc3 e5 10. e4 f4 11. c5 Qe8 12. c4 Qh5 13. cxd6 cxd6 14. c5 Bg4 15. Qb3 Nd7 16. Ba3 Rab8 17. cxd6 Bf6 18. Bb2 Bd8 19. gxf4 Rxf4 20. Nd2 Be2 21.
Rfe1 Bb6 22. Qg3 Bxf2+ 23. Qxf2 Rxf2 24. Kxf2 Ba6 25. Kg1 Qh6 26. Nf3 Qxd6 27. Rac1 h6 28. Rc3 Qb6+ 29. Kh1 Qxb2 30. Rc7 Nf6 31. d6 Rd8 32. d7 Rxd7 0-1

[Event "Late-Titled-Tuesday-Blitz-June-04-2024"]
[Site "Chess.com"]
[Date "2024.06.04"]
[Round "10"]
[White "MITerryble"]
[Black "IlanSchnaider"]
[Result "1-0"]
[WhiteElo "3033"]
[BlackElo "2795"]
[TimeControl "180+1"]
[EndTime "15:53:41 PDT"]
[Termination "MITerryble won by resignation"]

1. d4 Nf6 2. Bg5 d5 3. e3 c5 4. c3 e6 5. Nd2 Bd7 6. Ngf3 Nc6 7. Bd3 Bd6 8. O-O h6 9. Bh4 O-O 10. dxc5 Bxc5 11. e4 dxe4 12. Nxe4 Be7 13. Bg3 Qb6 14.
Qe2 Rad8 15. Rad1 Na5 16. b4 Nc6 17. a3 Rfe8 18. c4 Nd4 19. Nxd4 Qxd4 20. Nd6 Qc3 21. Nxb7 Rc8 22. Be5 Qxa3 23. Ra1 Qxb4 24. Rfb1 Bc6 25.
Rxb4 Bxb4 26. Nd6 Bxd6 27. Bxd6 Red8 28. Be7 Rd7 29. Bxf6 gxf6 30. Be4 Bxe4 31. Qxe4 Rdc7 32. Ra4 f5 33. Qf4 Kg7 34. h3 Rd7 35. Ra3 Kh7 36. Rg3 Rg8 37. Rxg8 Kxg8 38. c5 Rd5 39. c6 Rc5 40.
Qb8+ 1-0

[Event "Late-Titled-Tuesday-Blitz-June-04-2024"]
[Site "Chess.com"]
[Date "2024.06.04"]
[Round "10"]
[White "lamomiajunior"]
[Black "manitodeplomo"]
[Result "1-0"]
[WhiteElo "2731"]
[BlackElo "2628"]
[TimeControl "180+1"]
[EndTime "15:53:41 PDT"]
[Termination "lamomiajunior won by resignation"]

1. e4 c5 2. Nf3 e6 3. d4 cxd4 4. Nxd4 a6 5. Bd3 Bc5 6. Nb3 Be7 7. Qg4 g6 8. Nc3 d6 9. Qe2 Nd7 10. Bd2 b5 11. a3 Bb7 12. O-O-O Rc8 13. Kb1 Ne5 14. f4 Nxd3 15. Qxd3 Nf6 16. Rhe1 O-O 17. h3 d5 18. e5 Ne4 19. Nxe4 dxe4 20. Qe3 Qc7 21.
Bc3 Rfd8 22. Rxd8+ Qxd8 23. g4 Rc4 24. Na5 Rc7 25. Nxb7 Rxb7 26. Qxe4 Rd7 27. Qe2 Rd5 28. f5 Bg5 29. f6 h6 30. Ka2 Kh7 31. Qe4 Bd2 32. Bxd2 Rxd2 33. Re3 Rd4 34. Qb7 Qd5+ 35. Qxd5 Rxd5 36. Kb3 g5 37. Kb4 Rd4+ 38. Ka5 Ra4+ 39.
Kb6 Kg6 40. b4 h5 41. Rd3 hxg4 42. hxg4 1-0

[Event "Late-Titled-Tuesday-Blitz-June-04-2024"]
[Site "Chess.com"]
[Date "2024.06.04"]
[Round "10"]
[White "AradNazari"]
[Black "Chessdreamer2020"]
[Result "0-1"]
[WhiteElo "2718"]
[BlackElo "2579"]
[TimeControl "180+1"]
[EndTime "15:53:43 PDT"]
[Termination "Chessdreamer2020 won by resignation"]

1. e3 e5 2. d3 d6 3. Ne2 f5 4.
Nd2 Nf6 5. g3 Be7 6. Bg2 O-O 7.
b3 Qe8 8. Bb2 Qh5 9. c4 Nc6 10.
Nc3 Qg6 11. Nd5 Bd8 12. Nxf6+ Bxf6 13. Qe2 a5 14. a3 Be6 15. Rc1 Rad8 16. O-O d5 17.
cxd5 Bxd5 18. e4 Be6 19. Nc4 f4 20. Kh1 Rd7 21. gxf4 exf4 22. e5 Bg5 23. Be4 f3 24. Qd1 Qh5 25. Rg1 Bf4 26. Rg3 Bxg3 27. fxg3 Bh3 28.
Nd2 Bg2+ 29. Kg1 Nxe5 30. Bxe5 Qxe5 31. Nxf3 Bxf3 32. Bxf3 Qe3+ 33. Kg2 Rxd3 34. Bd5+ Kh8 35. Qh5 Qd2+ 36. Kh3 Rxd5 0-1

[Event "Late-Titled-Tuesday-Blitz-June-04-2024"]
[Site "Chess.com"]
[Date "2024.06.04"]
[Round "10"]
[White "Laico"]
[Black "annasargsyan_m"]
[Result "1-0"]
[WhiteElo "2435"]
[BlackElo "2578"]
[TimeControl "180+1"]
[EndTime "15:53:43 PDT"]
[Termination "Laico won by resignation"]

1. e4 c6 2. d4 d5 3. f3 dxe4 4. fxe4 e5 5. Nf3 Bg4 6. Bc4 Nd7 7. c3 Bd6 8. Qb3 Qe7 9. Qxb7 Rb8 10. Qxc6 Nf6 11. O-O O-O 12. dxe5 Nxe5 13. Nxe5 Qxe5 14. Bf4 Bc5+ 15. Kh1 Qxe4 16. Qxe4 Nxe4 17. Bxb8 Rxb8 18. Rxf7 Kh8 19. b4 Nf2+ 20. Kg1 Bb6 21. Kf1 Ne4 22. Rf4 Nf6 23. Nd2 Be3 24. Rxg4 Nxg4 25. Nf3 Rc8 26.
Be6 Rxc3 27. Bxg4 Rc4 28. Re1 1-0

[Event "Late-Titled-Tuesday-Blitz-June-04-2024"]
[Site "Chess.com"]
[Date "2024.06.04"]
[Round "10"]
[White "Tunahan_Makaraci"]
[Black "ArtemDyachuk"]
[Result "1-0"]
[WhiteElo "2596"]
[BlackElo "2678"]
[TimeControl "180+1"]
[EndTime "15:53:46 PDT"]
[Termination "Tunahan_Makaraci won by checkmate"]

1. e4 e5 2. Nc3 Nc6 3. f4 exf4 4. Nf3 g5 5. h4 g4 6. Ng5 h6 7. Nxf7 Kxf7 8. d4 d6 9. Bc4+ Ke8 10. Bxf4 Bg7 11.
Ne2 Nf6 12. Ng3 Qe7 13. O-O Bd7 14. Nf5 Bxf5 15. exf5 Ne4 16. c3 Kf8 17. Re1 Re8 18. Bd5 Qxh4 19. Bxe4 g3 20. Qf3 Bxd4+ 21. cxd4 Qh2+ 22.
Kf1 Qh1+ 23. Ke2 Nxd4+ 24. Kd3 Qxe1 25. Rxe1 Nxf3 26. gxf3 d5 27. Bxg3 dxe4+ 28. fxe4 c6 29. Bd6+ Kf7 30. e5 h5 31. Ke4 Rh6 32. e6+ Kf6 33.
Rg1 Rh7 34. Rg6# 1-0

[Event "Late-Titled-Tuesday-Blitz-June-04-2024"]
[Site "Chess.com"]
[Date "2024.06.04"]
[Round "10"]
[White "HeinichessPY"]
[Black "EDaMatta"]
[Result "1-0"]
[WhiteElo "2274"]
[BlackElo "2310"]
[TimeControl "180+1"]
[EndTime "15:53:48 PDT"]
[Termination "HeinichessPY won by resignation"]

1. d4 d5 2. Nf3 Nf6 3. g3 Bf5 4.
Bg2 e6 5. O-O Bd6 6. Nbd2 O-O 7.
c4 c6 8. b3 h6 9. Bb2 Bh7 10. Ne5 Ne4 11. Nxe4 dxe4 12. e3 f6 13. c5 Bc7 14. Nc4 Nd7 15. b4 Re8 16. Qb3 Kh8 17.
Rfd1 Qe7 18. a4 e5 19. d5 cxd5 20. Rxd5 Bg8 21. Rd2 b5 22. axb5 f5 23. Qc2 f4 24.
Bxe4 Nf6 25. Bxa8 Rxa8 26. b6 Bb8 27. c6 fxg3 28. hxg3 Bh7 29. b7 Bxc2 30. bxa8=Q Be4 31. Qxb8+ Kh7 32. Qxe5 Qf7 33. Nd6 1-0

[Event "Late-Titled-Tuesday-Blitz-June-04-2024"]
[Site "Chess.com"]
[Date "2024.06.04"]
[Round "10"]
[White "xasid81"]
[Black "Love7Unicorn"]
[Result "0-1"]
[WhiteElo "2621"]
[BlackElo "2567"]
[TimeControl "180+1"]
[EndTime "15:53:49 PDT"]
[Termination "Love7Unicorn won by resignation"]

1. Nc3 c5 2. Nf3 Nc6 3. e4 g6 4. Bb5 Qb6 5. O-O Bg7 6. Nd5 Qd8 7. c3 e6 8. Ne3 Nge7 9. d4 cxd4 10. cxd4 a6 11. Ba4 d5 12. exd5 exd5 13. h3 O-O 14. Re1 h6 15. Ng4 Bxg4 16. hxg4 b5 17. Bc2 Re8 18. Ne5 Nxd4 19. Qxd4 Nc6 20. Qd1 Nxe5 21. Bf4 Rc8 22. Bb3 d4 23. Rc1 Rxc1 24.
Bxc1 Nc4 25. Rxe8+ Qxe8 26. Bc2 Qe6 27. b3 Ne5 28. f3 Qb6 29. Kh1 Qf6 30. Qxd4 Qh4+ 31. Kg1 Qe1+ 32. Kh2 Qxc1 33. Qd8+ Kh7 34. Qc7 Qf4+ 35.
Kh1 Qe3 36. a4 bxa4 37. bxa4 Qe1+ 38. Kh2 Nxf3+ 39. gxf3 Be5+ 0-1

[Event "Late-Titled-Tuesday-Blitz-June-04-2024"]
[Site "Chess.com"]
[Date "2024.06.04"]
[Round "10"]
[White "King_Deded4d5"]
[Black "ChEsper99"]
[Result "0-1"]
[WhiteElo "2418"]
[BlackElo "2268"]
[TimeControl "180+1"]
[EndTime "15:53:49 PDT"]
[Termination "ChEsper99 won by resignation"]

1. d4 Nf6 2. Nf3 g6 3. Nc3 d5 4. Bf4 a6 5. e3 Bg7 6. h4 Bg4 7. Be2 Nh5 8. Bh2 O-O 9. Ne5 Bxe2 10. Qxe2 Nd7 11. O-O-O c6 12. g4 Nhf6 13. h5 Ne4 14. Nxe4 dxe4 15. hxg6 hxg6 16. Qc4 e6 17. Nxd7 Qxd7 18. Be5 Qd5 19. Qc3 Bxe5 20. dxe5 Qxa2 21. b3 Rfd8 22. g5 a5 23. Rh4 Qa3+ 0-1

[Event "Late-Titled-Tuesday-Blitz-June-04-2024"]
[Site "Chess.com"]
[Date "2024.06.04"]
[Round "10"]
[White "artin10862"]
[Black "crazy_but_lazy"]
[Result "1-0"]
[WhiteElo "2938"]
[BlackElo "2659"]
[TimeControl "180+1"]
[EndTime "15:53:54 PDT"]
[Termination "artin10862 won on time"]

1. e4 c5 2. Nf3 Nc6 3. Bc4 g6 4.
O-O Bg7 5. c3 e6 6. d4 cxd4 7.
cxd4 d5 8. exd5 exd5 9. Bb5 Ne7 10. Bg5 h6 11. Bxe7 Qxe7 12. Re1 Be6 13. Nc3 O-O 14. Bxc6 bxc6 15. h3 c5 16. Na4 cxd4 17. Nxd4 Qf6 18. Nxe6 fxe6 19. Re2 Rad8 20. Rc1 e5 21. Nc3 Qf7 22. Rd2 h5 23. Nxd5 Bh6 24. Rc7 Qxc7 25. Nxc7 Rxd2 26. Qb3+ Rf7 27. Ne6 Rdxf2 28. Nd8 Rf1+ 29.
Kh2 Bf4+ 30. g3 Rf2+ 31. Kg1 1-0

[Event "Late-Titled-Tuesday-Blitz-June-04-2024"]
[Site "Chess.com"]
[Date "2024.06.04"]
[Round "10"]
[White "bazar-wokzal"]
[Black "Quattroporte300"]
[Result "1-0"]
[WhiteElo "2598"]
[BlackElo "2458"]
[TimeControl "180+1"]
[EndTime "15:54:00 PDT"]
[Termination "bazar-wokzal won on time"]

1. e4 c5 2. c3 d5 3. exd5 Qxd5 4. d4 Nf6 5. Nf3 e6 6. a3 Nc6 7. Be3 Be7 8. dxc5 Qxd1+ 9. Kxd1 Ng4 10. b4 Nxe3+ 11. fxe3 a5 12. Bb5 O-O 13. Bxc6 bxc6 14. Kc2 f6 15. Nd4 Bd7 16. Nd2 e5 17. N4b3 axb4 18. axb4 Bf5+ 19. e4 Bg6 20. Rxa8 Rxa8 21. Ra1 Rxa1 22. Nxa1 f5 23. Kd3 Kf7 24. Nab3 Ke6 25.
Na5 Kd7 26. Nac4 Ke6 27. Ne3 fxe4+ 28. Nxe4 Bg5 29. Nc4 Kd5 30. Nd6 h5 31. c4+ Ke6 32.
b5 cxb5 33. cxb5 Kd5 34. b6 Kc6 35. Kc4 Be7 36. g3 Bd8 37. Nc3 Bh7 38. Ncb5 Bg8+ 39. Kb4 Kd5 40. b7 1-0

[Event "Late-Titled-Tuesday-Blitz-June-04-2024"]
[Site "Chess.com"]
[Date "2024.06.04"]
[Round "10"]
[White "jinbojinbo"]
[Black "snowlord"]
[Result "1-0"]
[WhiteElo "2708"]
[BlackElo "2902"]
[TimeControl "180+1"]
[EndTime "15:54:03 PDT"]
[Termination "jinbojinbo won by resignation"]

1. e4 Nc6 2. d4 e5 3. Nf3 exd4 4. Nxd4 Qf6 5. Be3 Bc5 6. c3 Qg6 7. Nd2 Nge7 8. g3 Bxd4 9. cxd4 d5 10. Bg2 O-O 11. O-O dxe4 12. Nxe4 Bf5 13. Nc3 Rad8 14. d5 Ne5 15. Qb3 b6 16. Bf4 Qf6 17. Qa3 N7g6 18. Bxe5 Nxe5 19. Qxa7 Rd7 20. Ne4 Bxe4 21. Bxe4 h5 22. h4 g5 23. hxg5 Qxg5 24. Bg2 Ng4 25. Qa3 Re7 26. d6 cxd6 27. Qxd6 Re2 28. Rad1 Rxb2 29.
Rd5 Qg6 30. Qf4 f6 31. Rd7 Rb5 32. Qc4+ 1-0

[Event "Late-Titled-Tuesday-Blitz-June-04-2024"]
[Site "Chess.com"]
[Date "2024.06.04"]
[Round "10"]
[White "EsmeraldasAnderson03"]
[Black "Likvidator228"]
[Result "1-0"]
[WhiteElo "2487"]
[BlackElo "2586"]
[TimeControl "180+1"]
[EndTime "15:54:05 PDT"]
[Termination "EsmeraldasAnderson03 won by resignation"]

1. d4 Nf6 2. c4 e6 3. Nc3 d5 4. cxd5 exd5 5. Bg5 c6 6. Qc2 Be7 7. e3 O-O 8. Bd3 Nbd7 9. Nf3 Re8 10. O-O h6 11. Bh4 Ne4 12. Bxe7 Qxe7 13. Rab1 a5 14. a3 Nxc3 15. Qxc3 Nf6 16. b4 axb4 17. axb4 Ne4 18. Bxe4 dxe4 19. Ne5 f6 20. Nc4 Be6 21. Rfc1 Ra2 22. Rb2 Rea8 23. Nb6 Rxb2 24. Qxb2 Ra2 25.
Qc3 Qd8 26. Nc4 Qd5 27. Nd2 f5 28. Nf1 Qb5 29. Ng3 Qd3 30. Qc5 f4 31. Qe5 Bc4 32. Nf5 Kf7 33. Qxg7+ Ke6 34. Qe5+ Kf7 35. Nd6+ Kg8 36.
Qe8+ Kh7 37. Qd7+ Kg6 38. Qg4+ Kh7 39. Ne8 1-0

[Event "Late-Titled-Tuesday-Blitz-June-04-2024"]
[Site "Chess.com"]
[Date "2024.06.04"]
[Round "10"]
[White "sokidze"]
[Black "Kiborg95"]
[Result "0-1"]
[WhiteElo "2787"]
[BlackElo "2921"]
[TimeControl "180+1"]
[EndTime "15:54:10 PDT"]
[Termination "Kiborg95 won on time"]

1. d4 d6 2. e4 Nf6 3. Nc3 Nbd7 4. Nf3 e5 5. Bc4 Be7 6. O-O O-O 7. a4 c6 8. h3 h6 9. Re1 Re8 10. b3 exd4 11. Nxd4 Bf8 12. Bb2 Ne5 13. Bf1 Ng6 14. g3 Bd7 15. Bg2 Qc8 16. Kh2 Be7 17. Qd2 Bd8 18.
a5 Bc7 19. b4 h5 20. h4 c5 21. Ndb5 cxb4 22. Nxc7 Qxc7 23. Ne2 Nxe4 24. Qd4 Nf6 25.
Qxb4 Ng4+ 26. Kg1 Bc6 27. Qc3 Nf6 28. Nd4 Rxe1+ 29. Rxe1 Rc8 30. Bxc6 bxc6 31. Nf5 Qd8 32. f4 d5 33. Qc5 Qd7 34. Ne3 Qh3 35. Bxf6 Qxg3+ 36. Ng2 Nxf4 0-1

[Event "Late-Titled-Tuesday-Blitz-June-04-2024"]
[Site "Chess.com"]
[Date "2024.06.04"]
[Round "10"]
[White "mortngabriel"]
[Black "Harry_Rakkel"]
[Result "0-1"]
[WhiteElo "2488"]
[BlackElo "2679"]
[TimeControl "180+1"]
[EndTime "15:54:11 PDT"]
[Termination "Harry_Rakkel won by resignation"]

1. e4 g6 2. d4 Bg7 3. Nc3 a6 4. a4 b6 5. Nf3 Bb7 6. Bd3 Nc6 7. Be3 Nb4 8. Bc4 e6 9. O-O Ne7 10. Qd2 d5 11. exd5 Nbxd5 12. Bh6 Bxh6 13. Qxh6 Nxc3 14. bxc3 Nf5 15. Qf4 Qd6 16. Ne5 f6 17. Nd3 Qc6 18. d5 exd5 19. Rfe1+ Kf7 20. Bb3 Rhe8 21. g4 Nd6 22. Ne5+ Rxe5 23. Rxe5 Qxc3 24. Rae1 Re8 25. g5 Qxe1+ 26. Rxe1 Rxe1+ 27. Kg2 Re6 28. Qh4 Kg7 29.
Qh6+ Kg8 30. h4 Nf5 0-1

[Event "Late-Titled-Tuesday-Blitz-June-04-2024"]
[Site "Chess.com"]
[Date "2024.06.04"]
[Round "10"]
[White "ChessLebaneseSalah"]
[Black "Pig-filth"]
[Result "1/2-1/2"]
[WhiteElo "2581"]
[BlackElo "2358"]
[TimeControl "180+1"]
[EndTime "15:54:12 PDT"]
[Termination "Game drawn by agreement"]

1. e4 g6 2. d4 d6 3. Nf3 c6 4.
Nc3 Bg7 5. Bd3 Bg4 6. Be3 Nd7 7. O-O Ngf6 8. h3 Bxf3 9. Qxf3 O-O 10. Rad1 e5 11.
Rfe1 Qe7 12. Bf1 a5 13. a4 Rae8 14. d5 cxd5 15. Nxd5 Nxd5 16. Rxd5 b6 17. Bb5 Rc8 18. c3 Nf6 19. Bg5 Qe6 20. Bxf6 Bxf6 21. Red1 Be7 22.
Qe2 Rc5 23. Rxc5 dxc5 24. Bc4 Qc6 25. b3 Rd8 26. Rd5 Rxd5 27. Bxd5 Qf6 28. Qb5 Kg7 29. Qe2 Qf4 30. Qd1 Bg5 31. Qd3 Qc1+ 32. Kh2 Qf4+ 33. Kg1 Qc1+ 34. Kh2 Qf4+ 35. Qg3 Qd2 36. Qf3 Qf4+ 37.
Qxf4 Bxf4+ 38. g3 Bd2 39. c4 f5 40. Kg2 Kf6 41. Kf3 h6 42. Ke2 Bc3 43. f4 exf4 44. gxf4 fxe4 45. Bxe4 g5 46. Kf3 gxf4 47. Kxf4 Be5+ 48.
Kg4 Bd4 49. Kf4 Be5+ 50. Kg4 Bd4 51. h4 Be3 52. Kf3 Bc1 53. h5 1/2-1/2

[Event "Late-Titled-Tuesday-Blitz-June-04-2024"]
[Site "Chess.com"]
[Date "2024.06.04"]
[Round "10"]
[White "Faqade"]
[Black "mac0504"]
[Result "1-0"]
[WhiteElo "2632"]
[BlackElo "2758"]
[TimeControl "180+1"]
[EndTime "15:54:19 PDT"]
[Termination "Faqade won by resignation"]

1. d4 Nf6 2. c4 g6 3. Nc3 Bg7 4. e4 d6 5. Be2 O-O 6. Be3 c5 7. Nf3 cxd4 8. Nxd4 Nc6 9. f3 Bd7 10. O-O Nxd4 11. Bxd4 Bc6 12. b4 b6 13. Rc1 Rc8 14. Qd2 Nd7 15. a3 h5 16. Kh1 Kh7 17. Nd5 Bxd5 18. cxd5 Bxd4 19. Qxd4 Rxc1 20. Rxc1 Nb8 21.
Qc3 Qd7 22. f4 Qa4 23. h3 Nd7 24. Bd1 Qa6 25. Bf3 Nf6 26. e5 Ng8 27. f5 Nh6 28. f6 exf6 29. exd6 Nf5 30. d7 Ng3+ 31. Kh2 h4 32. Qxf6 Nf5 33. d8=Q Rxd8 34. Qxd8 Qxa3 35.
Rc7 Qe3 36. Rxf7+ Kh6 37. Qf8+ Kg5 38. Rxf5+ gxf5 39. Qg7+ Kf4 40. Qh6+ 1-0

[Event "Late-Titled-Tuesday-Blitz-June-04-2024"]
[Site "Chess.com"]
[Date "2024.06.04"]
[Round "10"]
[White "mfschulz"]
[Black "ural58"]
[Result "0-1"]
[WhiteElo "2244"]
[BlackElo "2423"]
[TimeControl "180+1"]
[EndTime "15:54:19 PDT"]
[Termination "ural58 won on time"]

1. d4 d5 2. Bg5 Nc6 3. e3 f6 4. Bh4 Nh6 5. Bd3 Nf5 6. Bxf5 Bxf5 7. c3 e6 8. Nf3 h5 9. h3 Bd6 10. Nbd2 g5 11. Bg3 Bxg3 12. fxg3 Qd6 13. Kf2 h4 14.
Nf1 Be4 15. g4 O-O-O 16. N3d2 f5 17. Nxe4 dxe4 18. gxf5 exf5 19. Qa4 a6 20. b4 f4 21. b5 fxe3+ 22. Ke2 axb5 23. Qxb5 Rhf8 24. Nxe3 Qxd4 25.
Rhd1 Qxc3 26. Rac1 Qb4 27. Qxb4 Nxb4 28. Rxd8+ Rxd8 29. Rc5 Nxa2 30. Rxg5 Nc3+ 31. Ke1 Rd3 32. Nf5 e3 33. Rg8+ Kd7 34. Rg7+ Ke6 35. Nxe3 Rxe3+ 36. Kf2 Nd1+ 37. Kg1 Rc3 38. Rg4 b5 39. Rxh4 c5 40. Rh6+ Kf7 41. Rb6 b4 42. h4 b3 43. h5 Kg7 0-1